[Event "Late-Titled-Tuesday-Blitz-October-24-2023"]
[Site "Chess.com"]
[Date "2023.10.24"]
[Round "4"]
[White "sergiochess83"]
[Black "DvaHrasta"]
[Result "1/2-1/2"]
[WhiteElo "2865"]
[BlackElo "2493"]
[TimeControl "180+1"]
[EndTime "14:40:22 PDT"]
[Termination "Game drawn by repetition"]

1. d4 Nf6 2. c4 e6 3. g3 d5 4. Bg2 Bb4+ 5. Nd2 O-O 6. Nf3 c5 7. a3 Bxd2+ 8. Qxd2 dxc4 9. dxc5 Na6 10. c6 Nc5 11.
Ne5 bxc6 12. Qxd8 Rxd8 13. Bg5 Nb3 14. Rd1 Rxd1+ 15. Kxd1 Nd5 16. e4 Nb6 17. Be3 Bb7 18. Kc2 f6 19. Nxc4 Nxc4 20. Kxb3 Nxe3 21. fxe3 Rd8 22.
Kc3 c5 23. Bf3 Kf8 24. Rd1 Rxd1 25. Bxd1 Ke7 26. Bc2 h6 27. e5 fxe5 28. e4 Kd6 29. Bd3 a5 30. Kb3 Bc6 31. Kc3 Be8 32. Kc4 Bc6 33. Kc3 g5 34. Kc4 Bd7 35. Kc3 Bc8 36.
Kb3 Kc6 37. Kc3 Kb6 38. Bc4 Bb7 39. Kd3 Bc8 40. Kc3 Bd7 41. Kd3 Bb5 42. Kc3 Bc6 43.
Kd3 Bd7 44. Kc3 Kc7 45. Kd3 Kd6 46. Kc3 Be8 47. Bd3 Bc6 48. Kc4 Bd7 49. Kc3 Bc8 50. Kb3 Kc6 51. Bc4 Kb6 52. Kc3 1/2-1/2

[Event "Late-Titled-Tuesday-Blitz-October-24-2023"]
[Site "Chess.com"]
[Date "2023.10.24"]
[Round "4"]
[White "Casper"]
[Black "Cryptochess"]
[Result "1/2-1/2"]
[WhiteElo "2454"]
[BlackElo "2612"]
[TimeControl "180+1"]
[EndTime "14:40:23 PDT"]
[Termination "Game drawn by repetition"]

1. e4 c5 2. d4 cxd4 3. Qxd4 Nc6 4. Qe3 g6 5. Nc3 Bg7 6. Bd2 d6 7. O-O-O Be6 8. Nd5 Nf6 9. Bc3 O-O 10. Nxf6+ exf6 11. Ne2 Ne5 12. Nf4 Rc8 13. Nxe6 fxe6 14. Kb1 Qc7 15.
Qxa7 f5 16. exf5 Rxf5 17. f3 Nxf3 18. Bd3 Bxc3 19. Bxf5 gxf5 20. gxf3 Be5 21. c3 Qc6 22. Rhg1+ Kh8 23. Qe3 Qb5 24. Ka1 Ra8 25. f4 Qc4 26.
a3 Rxa3+ 27. bxa3 Bxc3+ 28. Qxc3+ Qxc3+ 29. Kb1 Qb3+ 30. Ka1 Qxa3+ 31. Kb1 Qb4+ 32. Ka1 Qxf4 33. Rc1 Qe5+ 34. Kb1 Qb5+ 35. Ka1 Qa5+ 36. Kb1 h5 37. Rc8+ Kh7 38. Rcg8 Qb4+ 39. Ka2 Qc4+ 40. Kb1 Qd3+ 41. Ka2 Qc2+ 42. Ka1 Qa4+ 43. Kb1 Qb3+ 44. Ka1 Qc3+ 45. Kb1 b5 46. R8g5 Qd3+ 47. Kb2 Qd4+ 48. Kb1 Qb4+ 49. Ka2 Qc4+ 50. Kb1 Qd3+ 51. Ka1 Qd4+ 52. Kb1 Qb4+ 53.
Ka1 Qc3+ 54. Kb1 Qb3+ 55. Ka1 Qa3+ 56. Kb1 Qb3+ 57. Ka1 Qa3+ 58. Kb1 Qb3+ 1/2-1/2

[Event "Late-Titled-Tuesday-Blitz-October-24-2023"]
[Site "Chess.com"]
[Date "2023.10.24"]
[Round "4"]
[White "zivicd"]
[Black "ejalmedina"]
[Result "1-0"]
[WhiteElo "2124"]
[BlackElo "2312"]
[TimeControl "180+1"]
[EndTime "14:40:23 PDT"]
[Termination "zivicd won on time"]

1. c4 Nf6 2. Nc3 d6 3. d4 e5 4. Nf3 e4 5. Ng5 Qe7 6. g3 h6 7. Nh3 c6 8. Bg2 Bf5 9. Ng1 g6 10. e3 Bg7 11. Nge2 h5 12. h3 O-O 13. b3 a6 14. Ba3 b5 15. O-O Nbd7 16. Rc1 Rfb8 17. cxb5 axb5 18. Bb2 Nb6 19. a3 Nbd5 20. Nxd5 cxd5 21.
Qd2 Qd7 22. Kh2 g5 23. Qb4 h4 24. g4 Nxg4+ 25. hxg4 Bxg4 26. Ng1 Be6 27. Qc3 g4 28. Qc7 Qe8 29. Qxd6 h3 30. Nxh3 gxh3 31. Bxh3 Bxh3 32. Kxh3 Rd8 33. Qf4 Qe6+ 34. Kh2 Kf8 35. Rg1 Bf6 36. Kg2 Ke7 37. Kf1 b4 38. Rc7+ Ke8 39. a4 Be7 40. Rg8+ Bf8 41. Rc5 Rac8 42. Rxc8 Rxc8 43.
Qe5 Qxe5 44. dxe5 Rc2 45. Bd4 Rc1+ 46. Kg2 Rb1 47. Bc5 Rxb3 48. Rxf8+ Kd7 49. Rb8 Ra3 50. Rxb4 Kc6 51. Bd4 1-0

[Event "Late-Titled-Tuesday-Blitz-October-24-2023"]
[Site "Chess.com"]
[Date "2023.10.24"]
[Round "4"]
[White "hellokostya"]
[Black "jcibarra"]
[Result "0-1"]
[WhiteElo "2607"]
[BlackElo "2910"]
[TimeControl "180+1"]
[EndTime "14:40:24 PDT"]
[Termination "jcibarra won on time"]

1. d4 Nf6 2. c4 d6 3. Nc3 e5 4. Nf3 e4 5. Ng5 Qe7 6. Qb3 h6 7. Nh3 c6 8. Nf4 g5 9. Nh3 Bg7 10. Bd2 O-O 11. O-O-O c5 12. dxc5 dxc5 13. Be3 Nc6 14.
Qb5 Nd7 15. Nd5 Qe5 16. f4 exf3 17. exf3 Nb4 18. Bd4 Nxa2+ 19. Kb1 cxd4 20. Kxa2 a6 21. Qb3 Nc5 22. Qa3 d3 23. f4 Qd4 24. Bxd3 Nxd3 25.
Rxd3 Qxc4+ 26. Qb3 Qxb3+ 27. Kxb3 Be6 28. fxg5 Rfd8 29.
Rhd1 Rxd5 30. Rxd5 Rd8 31. Nf4 Bxd5+ 32. Nxd5 Kf8 33. gxh6 Bxh6 34. Rd3 Rd6 35. Nb4 Rb6 36. Ka3 Bg5 37. Nd5 Rd6 38. g3 Kg7 39. h4 Be7 40. Kb3 Bf8 41. Kc2 Rc6+ 42. Kd2 Bd6 43. g4 Be5 44. b4 Rc4 45. g5 Rxh4 46. Kc2 Rg4 47. Re3 Rxg5 48. Kd3 Bd6 49. Kc4 b5+ 50. Kb3 Rxd5 0-1

[Event "Late-Titled-Tuesday-Blitz-October-24-2023"]
[Site "Chess.com"]
[Date "2023.10.24"]
[Round "4"]
[White "djano"]
[Black "muchojogo"]
[Result "1-0"]
[WhiteElo "2684"]
[BlackElo "2528"]
[TimeControl "180+1"]
[EndTime "14:40:24 PDT"]
[Termination "djano won by resignation"]

1. e4 e6 2. d4 d5 3. Bd3 dxe4 4. Bxe4 Nf6 5. Bf3 c5 6. Ne2 Nc6 7. Be3 cxd4 8. Nxd4 Ne5 9. Nc3 a6 10. Qe2 Nxf3+ 11. Qxf3 Qc7 12. O-O-O e5 13. Nf5 Be6 14. Bg5 Qc6 15. Qxc6+ bxc6 16. Nd6+ Bxd6 17. Rxd6 Rc8 18. Re1 Nd7 19. f4 h6 20. Bh4 exf4 21. Na4 g5 22. Bf2 Ke7 23. Red1 Rhd8 24. Nb6 Nxb6 25. Rxd8 Rxd8 26.
Bc5+ Ke8 27. Rxd8+ Kxd8 28. Bxb6+ Ke7 29. Kd2 Bd5 30. g3 fxg3 31. hxg3 f5 32. b3 Ke6 33.
Ke3 Be4 34. c3 Bb1 35. a4 Ba2 36. b4 Kd5 37. Bd4 f4+ 38. gxf4 g4 39. Kf2 Ke4 40. Kg3 h5 41. Bf6 Bf7 42. a5 Kd3 43. Be5 Ke4 44.
Bf6 Kd5 45. Bd4 c5 46. bxc5 Kc4 47. c6 Kb5 48. c7 Be6 49. Bb6 Bc8 50. Kh4 Kc4 51. Bf2 Kxc3 52. Kxh5 Kd3 53. Kg5 Ke4 54.
Bg3 Bf5 55. Kf6 Bc8 56. Ke7 Kf3 57. Bh4 Kxf4 58. Kd8 Be6 59. c8=Q Bxc8 60. Kxc8 g3 61. Kb7 Kg4 62. Bxg3 Kxg3 63. Kxa6 Kf3 64. Kb7 Kf4 65. a6 Kf5 66. a7 Kf6 67. a8=Q Kf7 68. Qc8 Kf6 69. Qd8+ 1-0

[Event "Late-Titled-Tuesday-Blitz-October-24-2023"]
[Site "Chess.com"]
[Date "2023.10.24"]
[Round "4"]
[White "subham777"]
[Black "acertijo08"]
[Result "0-1"]
[WhiteElo "2502"]
[BlackElo "2361"]
[TimeControl "180+1"]
[EndTime "14:40:25 PDT"]
[Termination "acertijo08 won on time"]

1. e4 c5 2. Nf3 d6 3. d4 cxd4 4. Qxd4 Bd7 5. Nc3 Nc6 6. Qd2 g6 7. b3 Bh6 8. Qe2 Bxc1 9. Rxc1 Qa5 10. Qd2 Nf6 11. Bd3 O-O 12. O-O Kg7 13. Rfe1 Rac8 14.
Nd5 Qxd2 15. Nxd2 e6 16. Nxf6 Kxf6 17. f4 Nb4 18. a3 Nxd3 19. cxd3 e5 20. fxe5+ dxe5 21. Nc4 Ke6 22. a4 b5 23. axb5 Bxb5 24. Ra1 a6 25.
Re3 Rfd8 26. Kf2 Rc7 27. Ke2 Rcd7 28. Kd2 f6 29. Kc3 h5 30. h4 Rc8 31. Rg3 Rcd8 32.
Rf1 Rg8 33. Rgf3 Rf8 34. g3 Rc7 35. Kb4 Rb7 36. Ka3 Rd7 37. Kb2 Ke7 38. Nb6 Rxd3 39. Rxd3 Bxd3 40. Nd5+ Ke6 41. Re1 Bxe4 42. Nc7+ Kd7 43.
Nxa6 f5 44. b4 Kc6 45. Nc5 Kd5 46. Kc3 Rc8 47. Rd1+ Kc6 48. Kc4 Bf3 49. b5+ Kc7 50. Rd7+ Kb6 51. Rd6+ Kc7 52. Rxg6 Kd8 53. Rg8+ Kc7 54. b6+ Kb8 0-1

[Event "Late-Titled-Tuesday-Blitz-October-24-2023"]
[Site "Chess.com"]
[Date "2023.10.24"]
[Round "4"]
[White "randy296"]
[Black "effefe"]
[Result "0-1"]
[WhiteElo "2060"]
[BlackElo "2340"]
[TimeControl "180+1"]
[EndTime "14:40:25 PDT"]
[Termination "effefe won by resignation"]

1. e4 c5 2. Nf3 d6 3. d4 cxd4 4. Nxd4 Nf6 5. Nc3 g6 6. Be3 Bg7 7. Bc4 O-O 8. f3 Nc6 9. Qd2 Bd7 10. O-O-O Na5 11. Bb3 Rc8 12. h4 Nc4 13. Bxc4 Rxc4 14.
h5 b5 15. hxg6 fxg6 16. Kb1 b4 17. Nd5 Nxd5 18. exd5 Qc7 19. Ne6 Bxe6 20. dxe6 Rc8 21. Rc1 Qa5 22. Bh6 Qe5 23. Bxg7 Qxg7 24. Rhe1 a5 25.
Re3 a4 26. a3 b3 27. c3 Qf6 28. Rce1 R8c5 29. Re4 Qf5 30. Ka1 Kg7 31. Rxc4 Rxc4 32. Qe2 Rc5 33. Qe3 Re5 34. Qd2 Qxe6 35. Rh1 h5 36. g4 Re2 37. Qd4+ Qe5 38. Qd1 h4 39. f4 Qe3 40. f5 h3 41. g5 h2 42. f6+ exf6 43.
gxf6+ Kxf6 44. Rf1+ Kg7 45. Qb1 Qd2 46. Rh1 Qc2 47.
Rd1 Qxb1+ 48. Kxb1 Rg2 49. Kc1 Rg1 50. Kd2 h1=Q 0-1

[Event "Late-Titled-Tuesday-Blitz-October-24-2023"]
[Site "Chess.com"]
[Date "2023.10.24"]
[Round "4"]
[White "HamedWafa4"]
[Black "leoduarte"]
[Result "1-0"]
[WhiteElo "2601"]
[BlackElo "2417"]
[TimeControl "180+1"]
[EndTime "14:40:26 PDT"]
[Termination "HamedWafa4 won on time"]

1. e4 c5 2. Nc3 e6 3. Nf3 Nc6 4.
d4 cxd4 5. Nxd4 Nf6 6. a3 d5 7. exd5 exd5 8. Bb5 Bd7 9. O-O Be7 10. Bg5 O-O 11.
Re1 h6 12. Bh4 a6 13. Ba4 Re8 14. Bb3 Bg4 15. Qd3 Rc8 16. Nf5 Bxf5 17. Qxf5 Nd4 18. Qd3 Nxb3 19. cxb3 d4 20. Ne2 Bc5 21. b4 Bb6 22.
Rad1 Qd5 23. Bxf6 gxf6 24. Nf4 Qg5 25. g3 Re5 26. h4 Qg4 27. Rxe5 fxe5 28. Nd5 Bd8 29.
Re1 Bxh4 30. Re4 Qh3 31. Qf1 Qxf1+ 32. Kxf1 Rc1+ 33. Ke2 Bg5 34. Rxe5 Rc2+ 35. Kf1 d3 36. f4 d2 37. Ne3 Rxb2 38. fxg5 hxg5 39. Rxg5+ Kf8 40.
Rd5 d1=Q+ 41. Rxd1 Rb3 42. Ke2 Rxa3 43. Rd8+ Ke7 44.
Rb8 b5 45. Rb7+ Ke6 46. Nc2 Rxg3 47. Rb6+ Kd5 48. Ne3+ Kd4 49. Rd6+ Kc3 50. Rd3+ Kb2 51. Nd1+ 1-0

[Event "Late-Titled-Tuesday-Blitz-October-24-2023"]
[Site "Chess.com"]
[Date "2023.10.24"]
[Round "4"]
[White "stasOR4ik"]
[Black "IgorBjelobrk"]
[Result "1-0"]
[WhiteElo "2395"]
[BlackElo "2583"]
[TimeControl "180+1"]
[EndTime "14:40:26 PDT"]
[Termination "stasOR4ik won by resignation"]

1. e4 e6 2. c4 d5 3. cxd5 exd5 4. exd5 Nf6 5. Bb5+ Nbd7 6. Nc3 Be7 7. Nf3 O-O 8.
O-O Nb6 9. d4 Nbxd5 10. h3 Bf5 11. Re1 Nb4 12. Re5 Bc2 13. Qe2 Bd6 14. a3 Bxe5 15.
dxe5 Nfd5 16. Nxd5 Qxd5 17. axb4 Bd1 18. Bc4 Qd8 19.
Qe4 Bxf3 20. Qxf3 Qd4 21. Qb3 Qxe5 22. Be3 a6 23. Ra5 b5 24. Bd5 Rad8 25. Bf3 Qf6 26. Qa2 Rfe8 27. Rxa6 Qe7 28. Ra7 Qxb4 29. Rxc7 Re7 30.
Rxe7 Qxe7 31. Qb3 b4 32. Qc4 h6 33. g3 Rb8 34. Kg2 b3 35. Bd1 Qf6 36. Bd4 Qe6 37.
Qxe6 fxe6 38. Bc3 g6 39. Kf3 Kf7 40. Ke3 h5 41. h4 Ke7 42. Be2 Kd6 43. Bc4 e5 44.
Ke4 Kc5 45. Bf7 Rb6 46. Bxe5 Kb5 47. Bxb3 Kc5 48. Bd4+ Kc6 49. Bxb6 Kxb6 50. Bf7 1-0

[Event "Late-Titled-Tuesday-Blitz-October-24-2023"]
[Site "Chess.com"]
[Date "2023.10.24"]
[Round "4"]
[White "vangulio"]
[Black "DefiantChair"]
[Result "0-1"]
[WhiteElo "2514"]
[BlackElo "2686"]
[TimeControl "180+1"]
[EndTime "14:40:27 PDT"]
[Termination "DefiantChair won by resignation"]

1. e4 c5 2. Nf3 d6 3. d4 cxd4 4.
Nxd4 Nf6 5. Nc3 a6 6. Be3 e5 7.
Nb3 Be7 8. Qd2 Be6 9. f4 exf4 10. Bxf4 Nc6 11. O-O-O Ne5 12. Nd4 O-O 13. Nf5 Bxf5 14. exf5 Qc8 15. Be2 Qxf5 16. Kb1 b5 17. Rhf1 Qe6 18.
g4 Rac8 19. g5 Nfd7 20. Nd5 Bd8 21. Ne3 Bc7 22. h4 Nb6 23. Bxe5 Qxe5 24. Ng4 Qe6 25.
h5 Nc4 26. Bxc4 Qxg4 27. Bd5 Qxh5 28. Qd3 Qxg5 29. Rg1 Qd8 30. Qh3 Bb6 31. Rh1 h6 32. Rdf1 Qg5 33. Bxf7+ Kh8 34. Be6 Rce8 35. Rxf8+ Rxf8 36. a3 Qe7 37. Bd5 Bd4 38. Rd1 Bf6 39. Qf5 Qe5 40.
Qxe5 Bxe5 41. Bb7 a5 42. c3 g5 43. Ba6 b4 44. axb4 axb4 45. cxb4 Rf2 46. b5 Rxb2+ 47.
Kc1 g4 48. Rxd6 g3 49. Rxh6+ Kg7 50. Rh5 g2 51. Rg5+ Kf6 52. Rg4 Ra2 53. Bb7 g1=Q+ 54. Rxg1 Ra1+ 55. Kc2 Rxg1 56. Bc6 Ke7 0-1

[Event "Late-Titled-Tuesday-Blitz-October-24-2023"]
[Site "Chess.com"]
[Date "2023.10.24"]
[Round "4"]
[White "NikolaGry"]
[Black "Mikhail_Golubev"]
[Result "1-0"]
[WhiteElo "2729"]
[BlackElo "2553"]
[TimeControl "180+1"]
[EndTime "14:40:29 PDT"]
[Termination "NikolaGry won on time"]

1. d4 Nf6 2. Bg5 Ne4 3. h4 h6 4. Bf4 g6 5. Nd2 Nxd2 6. Qxd2 Bg7 7. Nf3 d6 8. c3 Nc6 9. O-O-O Bg4 10. d5 Bxf3 11.
gxf3 Na5 12. Qc2 c5 13. Bh3 b5 14. Rhg1 Kf8 15. Be6 Qe8 16. Rxg6 fxg6 17. Rg1 Nb7 18. Rxg6 Nd8 19. Qf5+ Nf7 20. Qg4 Rh7 21. Qf5 b4 22. Rg4 Kg8 23. c4 Qf8 24. Rg6 Kh8 25. Bxf7 Qxf7 26.
Qxf7 Bxb2+ 27. Kxb2 Rxf7 28. e3 Kh7 29. Rxh6+ Kg7 30.
Re6 Kf8 31. Bh6+ Ke8 32. Bf4 Kd7 33. h5 Rh8 34. h6 Rf6 35. Rxf6 exf6 36. Kc2 f5 37. e4 fxe4 38. fxe4 Rf8 39. Be3 Rf3 40. Kd3 Rh3 41. Ke2 a5 42. Kd2 a4 43. Kc2 Rh2 44.
Kb2 Ke7 45. e5 dxe5 46. Bxc5+ Kf7 47. Be3 e4 48. c5 Ke7 49. c6 Kd6 50. Bf4+ Kxd5 51.
Bxh2 1-0

[Event "Late-Titled-Tuesday-Blitz-October-24-2023"]
[Site "Chess.com"]
[Date "2023.10.24"]
[Round "4"]
[White "Karttunen"]
[Black "IlanSchnaider"]
[Result "1/2-1/2"]
[WhiteElo "2592"]
[BlackElo "2769"]
[TimeControl "180+1"]
[EndTime "14:40:30 PDT"]
[Termination "Game drawn by repetition"]

1. e4 c5 2. Nf3 d6 3. d4 cxd4 4. Nxd4 Nf6 5. Nc3 a6 6. f3 e5 7. Nb3 Be7 8. Be3 Be6 9. Qd2 h5 10. Nd5 Nxd5 11. exd5 Bf5 12. c4 Nd7 13. Be2 h4 14. Na5 Qc7 15. b4 Bf6 16. Rc1 Bd8 17.
O-O O-O 18. Kh1 Bh7 19. f4 Qb8 20. Nb3 Bf6 21. c5 exf4 22. Bxf4 Be5 23. c6 bxc6 24.
dxc6 Nf6 25. Bxe5 dxe5 26. Rxf6 gxf6 27. Nc5 Qd8 28. Nd7 Bf5 29. Rf1 Bxd7 30. cxd7 Kg7 31. Bg4 Rh8 32. Qd6 Rh6 33. Bf5 Rh5 34. h3 Rg5 35. a4 Rb8 36. Bg4 Rb6 37. Qc5 e4 38. Qd4 Re5 39. Re1 Rc6 40. b5 axb5 41. axb5 Rxb5 42.
Qxe4 Re5 43. Qb1 Rb6 44. Qd1 Rbb5 45. Rf1 Rg5 46. Qe1 Rbe5 47. Qd2 Rg6 48. Bf5 Rg5 49.
Qd3 Re7 50. Rf4 Re5 51. Rf1 Re7 52. Qd2 Re5 53. Qd3 1/2-1/2

[Event "Late-Titled-Tuesday-Blitz-October-24-2023"]
[Site "Chess.com"]
[Date "2023.10.24"]
[Round "4"]
[White "yosephtaher"]
[Black "The_Straightforward_Rook"]
[Result "1-0"]
[WhiteElo "2752"]
[BlackElo "2574"]
[TimeControl "180+1"]
[EndTime "14:40:34 PDT"]
[Termination "yosephtaher won by checkmate"]

1. d4 Nf6 2. Nc3 d5 3. Bf4 e6 4. Nb5 Na6 5. e3 Be7 6. Nf3 O-O 7. Ne5 Ne4 8. f3 Nf6 9. a3 c6 10. Nc3 c5 11. Bxa6 bxa6 12. Nc6 Qe8 13. Nxe7+ Qxe7 14. dxc5 Qxc5 15. Qd4 Qb6 16. Be5 Ne8 17. O-O-O f6 18. Bg3 Rf7 19. Qxb6 axb6 20. Na4 Rb7 21. e4 dxe4 22. Rd8 Kf7 23. fxe4 e5 24. Bf2 Rab8 25. Nxb6 Be6 26. Rxb8 Rxb8 27. Rd1 g5 28. Na4 Rc8 29. Nc5 a5 30. Nb7 h5 31. Nxa5 Kg6 32.
Nb7 g4 33. Nd6 Nxd6 34. Rxd6 Bb3 35. c3 Rc4 36. Bh4 Rxe4 37. Rxf6+ Kg7 38. Rb6 Bf7 39. Kd2 Bc4 40. Rb4 Re2+ 41. Kd1 Ba6 42. Rb6 Bd3 43. a4 Rxg2 44. Bf6+ Kf7 45. Bxe5 Bc2+ 46. Ke1 Bxa4 47. c4 h4 48. Rh6 h3 49. b4 Bb3 50. c5 Bc4 51. Kd1 Bb3+ 52. Kc1 Re2 53. Bg3 Bd5 54. b5 Ke7 55. b6 Kd7 56. Rd6+ Kc8 57. Rxd5 Rg2 58. c6 Rc2+ 59. Kd1 Rd2+ 60. Ke1 Re2+ 61. Kf1 Re8 62. b7# 1-0

[Event "Late-Titled-Tuesday-Blitz-October-24-2023"]
[Site "Chess.com"]
[Date "2023.10.24"]
[Round "4"]
[White "financieru"]
[Black "DanielTitichoca"]
[Result "1-0"]
[WhiteElo "2391"]
[BlackElo "2622"]
[TimeControl "180+1"]
[EndTime "14:40:36 PDT"]
[Termination "financieru won by checkmate"]

1. d4 g6 2. c4 Bg7 3. Nc3 d6 4. e4 c5 5. d5 Bxc3+ 6. bxc3 Nf6 7. f3 O-O 8. Bd3 e5 9. dxe6 Bxe6 10. Ne2 Nc6 11. Bg5 Ne5 12. Qd2 Kg7 13. Bh6+ Kg8 14. Bxf8 Qxf8 15. O-O Bxc4 16. Bxc4 Nxc4 17. Qf4 Nh5 18. Qc1 f5 19. exf5 Qxf5 20. Ng3 Nxg3 21. hxg3 Ne5 22. Qd2 Nc4 23. Qe2 d5 24. Rfe1 Rd8 25.
Qe7 Qd7 26. Qxc5 b6 27. Qd4 Qd6 28. Qf4 Qxf4 29. gxf4 Rf8 30. Re7 a5 31. Rae1 Rxf4 32. Rd7 Rf7 33. Re8+ Kg7 34. Red8 b5 35. Rxf7+ Kxf7 36. Rxd5 Ke6 37. Rxb5 a4 38. Rb4 Kd5 39. Rxa4 Ne3 40.
Ra7 h5 41. Rg7 Kc4 42. Rxg6 Kxc3 43. Ra6 Nc4 44. Kf2 Kb4 45. g4 hxg4 46. fxg4 Ne5 47. Kg3 Kb5 48. Ra8 Kb4 49. Kf4 Nd3+ 50. Kf5 Nc5 51.
g5 Kc3 52. g6 Kb2 53. g7 Ka1 54. g8=Q Nd3 55. a4 Nb4 56. a5 Nc2 57. a6 Ne3+ 58. Ke4 Nd1 59. Qg1 Ka2 60. Qxd1 Ka3 61. a7 Ka2 62. Rb8 Ka3 63. a8=Q# 1-0

[Event "Late-Titled-Tuesday-Blitz-October-24-2023"]
[Site "Chess.com"]
[Date "2023.10.24"]
[Round "4"]
[White "tdf98pantani"]
[Black "Bauman_Guy"]
[Result "0-1"]
[WhiteElo "2664"]
[BlackElo "2920"]
[TimeControl "180+1"]
[EndTime "14:40:37 PDT"]
[Termination "Bauman_Guy won by checkmate"]

1. Nf3 d5 2. e3 Nf6 3. c4 c6 4. b3 g6 5. Bb2 Bg7 6. d4 O-O 7. Nc3 a6 8. Be2 b5 9. O-O Bg4 10. Ne5 Bxe2 11. Qxe2 Nfd7 12. f4 e6 13. Ba3 Re8 14. Bd6 Bf8 15. Bxf8 Rxf8 16. c5 a5 17. e4 Nf6 18. exd5 Nxd5 19. Ne4 Nxf4 20. Qe3 Qxd4 21. Qxd4 Ne2+ 22. Kh1 Nxd4 23. Rad1 Nf5 24. Rd3 h5 25. g3 a4 26. b4 a3 27. h3 Ra4 28. Rb1 f6 29. Nxg6 Rf7 30. Rd8+ Kg7 31. Nf4 Nd7 32. Nxe6+ Kh6 33. g4 Ne3 34. Rb3 Nd5 35.
Nd6 Ne5 36. Nxf7+ Nxf7 37. Rf8 Ng5 38. Nxg5 Kxg5 39. Rg8+ Kh4 40. gxh5 Kxh5 41. Rg4 f5 42. Rd4 Kg5 43. Kg2 Kf6 44. h4 Ke5 45. Rdd3 Nxb4 46. Re3+ Kf6 47. Rg3 Nd5 48. Rxa3 Rxh4 49. Ra6 Nb4 50.
Rb6 Rc4 51. a3 Nd5 52. Rxc6+ Ke5 53. Rc8 Rc2+ 54. Kh3 Nf4+ 55. Kh4 Rh2+ 56. Kg5 Rh5# 0-1

[Event "Late-Titled-Tuesday-Blitz-October-24-2023"]
[Site "Chess.com"]
[Date "2023.10.24"]
[Round "4"]
[White "topin8"]
[Black "le-castor-faineant"]
[Result "1-0"]
[WhiteElo "2454"]
[BlackElo "2260"]
[TimeControl "180+1"]
[EndTime "14:40:44 PDT"]
[Termination "topin8 won by resignation"]

1. e4 e5 2. Nf3 Nf6 3. d4 Nxe4 4. Bd3 d5 5. Nxe5 Bd6 6. O-O Nd7 7. Nxd7 Bxd7 8. c4 Qh4 9. g3 Qh3 10. cxd5 Nf6 11. Re1+ Kf8 12. Bf1 Qf5 13. Nc3 Nxd5 14. Bg2 Bc6 15. Ne4 h5 16. Nxd6 cxd6 17. Be4 Qh3 18. Qf3 Re8 19. Bd2 Rxe4 20. Rxe4 Nf6 21. Rh4 Qxh4 22. Qxc6 Qxd4 23. Qc8+ Ne8 24. Bc3 Qa4 25. Re1 f6 26. b3 Qc6 27. Qd8 Kf7 28. Qe7+ Kg6 29. Qe3 Nc7 30. Qd3+ Kf7 31. Bd2 Re8 32.
Rc1 Qd7 33. Qc4+ Ne6 34. Qe2 Nd4 35. Qxh5+ Kg8 36. Qd5+ Ne6 37. f4 Kf8 38. Be3 Nc7 39.
Qd2 d5 40. Bc5+ Kg8 41. Bd4 Ne6 42. Bf2 d4 43. Rc4 d3 44. h4 Rd8 45. f5 Nf8 46. Rd4 Qe8 47. Rxd3 Rxd3 48. Qxd3 Nd7 49. Qc4+ Kf8 50. Qb4+ Kg8 51. Qxb7 Ne5 52. Qd5+ Kh8 53. Kg2 Qb5 54. Qxb5 1-0

[Event "Late-Titled-Tuesday-Blitz-October-24-2023"]
[Site "Chess.com"]
[Date "2023.10.24"]
[Round "4"]
[White "Duhless"]
[Black "vladislavkovalev"]
[Result "1-0"]
[WhiteElo "3116"]
[BlackElo "2869"]
[TimeControl "180+1"]
[EndTime "14:40:45 PDT"]
[Termination "Duhless won by resignation"]

1. d4 Nf6 2. Nf3 e6 3. c4 b6 4. g3 Ba6 5. Qc2 Bb7 6. Bg2 Bb4+ 7. Nbd2 Be4 8. Qd1 Bxd2+ 9. Qxd2 O-O 10. O-O d6 11. b3 Nbd7 12. Bb2 h6 13. Qc3 Bb7 14. d5 exd5 15. Nh4 Re8 16. Rfe1 Ne5 17. Rad1 Ne4 18.
Qc2 Ng4 19. Rf1 dxc4 20. Qxc4 d5 21. Qd4 Ngf6 22. Nf5 c5 23. Qd3 d4 24. e3 Qc8 25.
Bh3 Qc6 26. f3 Ng5 27. Bg2 Qe6 28. Rde1 Rad8 29. exd4 Qxe1 30. Rxe1 Rxe1+ 31. Kf2 Re6 32. h4 Ngh7 33. Bh3 Ree8 34. Qc2 cxd4 35. Nxd4 Bc8 36. Bf1 Bd7 37. Ba6 Nf8 38. b4 Ne6 39. Nf5 Nf8 40.
Nxh6+ gxh6 41. Bxf6 Rb8 42. Qd2 Re6 43. Qxh6 Rxf6 44.
Qxf6 Re8 45. Bc4 Be6 46. Bd3 Bxa2 47. h5 Re6 48. Qg5+ Kh8 49. Qd8 Kg8 50. h6 Rxh6 51.
Qg5+ Rg6 52. Bxg6 Nxg6 53. f4 Kf8 54. Qd8+ Kg7 55. Qd4+ Kg8 56. Qa1 Be6 57. Qxa7 b5 58. Qb8+ Kg7 59. Qxb5 Ne7 60. Qg5+ Kf8 61. b5 Nd5 62.
Qe5 Ne7 63. Qd6 1-0

[Event "Late-Titled-Tuesday-Blitz-October-24-2023"]
[Site "Chess.com"]
[Date "2023.10.24"]
[Round "4"]
[White "GAO"]
[Black "tteshan"]
[Result "0-1"]
[WhiteElo "2334"]
[BlackElo "2514"]
[TimeControl "180+1"]
[EndTime "14:40:45 PDT"]
[Termination "tteshan won by resignation"]

1. Nf3 c5 2. e4 Nc6 3. g3 e6 4. Bg2 Nf6 5. Qe2 Be7 6. O-O O-O 7. c3 e5 8. d3 h6 9. Be3 d6 10. Nbd2 Ng4 11. Nc4 Nxe3 12. Nxe3 Be6 13. Nd5 Qd7 14. Rfe1 f5 15. a3 Bxd5 16. exd5 Nd8 17. d4 cxd4 18. Nxd4 Bf6 19. Ne6 Nxe6 20. dxe6 Qxe6 21. Qb5 Kh8 22.
Rad1 Rac8 23. Bd5 Qe7 24. Rd2 b6 25. a4 Rc5 26. Qb3 Qc7 27. c4 e4 28. Qa3 a5 29. b4 axb4 30. Qxb4 Ra5 31. Rb1 Rb8 32. Rb3 Qc5 33. Rd1 Bd4 34. Qxc5 Bxc5 35. Bc6 Ra7 36. Kg2 Rc8 37. Bb5 Rf8 38. Rd5 Re7 39. Rb2 f4 40. Ra2 e3 41. fxe3 f3+ 42. Kf1 Bxe3 43. Rd3 Bc5 44.
Bc6 f2 45. Ra1 Re5 46. Bf3 Rfe8 47. Rdd1 Re3 48. Bh5 R8e5 49. Bg4 Rc3 50. Be2 Rc2 51. Bd3 Rc3 52. a5 Re1+ 53. Rxe1 fxe1=Q+ 54. Kxe1 Rxd3 55. a6 Re3+ 56. Kd2 Re8 57. a7 Ra8 58. Kd3 b5 59. cxb5 Rxa7 60. Rxa7 Bxa7 61. Kc4 Bc5 62. Kd5 Kg8 63.
b6 Bxb6 64. Kxd6 Bg1 65. h3 Bh2 66. Ke6 Bxg3 67. Kf5 g5 68. Kg6 Bh4 69. Kxh6 Kf7 70. Kh5 Kf6 71. Kg4 Kg6 72. Kf3 Kf5 73. Kg2 Kf4 74. Kh1 Kg3 75. Kg1 Kxh3 76. Kh1 g4 77. Kg1 Bg5 78. Kf2 g3+ 79. Kg1 Be3+ 80. Kf1 g2+ 81.
Ke2 0-1

[Event "Late-Titled-Tuesday-Blitz-October-24-2023"]
[Site "Chess.com"]
[Date "2023.10.24"]
[Round "4"]
[White "chesspreceptor"]
[Black "Fandorine"]
[Result "0-1"]
[WhiteElo "2615"]
[BlackElo "2912"]
[TimeControl "180+1"]
[EndTime "14:40:46 PDT"]
[Termination "Fandorine won by resignation"]

1. e4 c5 2. Nf3 g6 3. d4 cxd4 4. Qxd4 Nf6 5. c4 Nc6 6. Qe3 d6 7. Nc3 Bg4 8. Be2 Bg7 9. O-O O-O 10. Rb1 Nd7 11. b3 Qb6 12. Qd2 Bxf3 13. Bxf3 Qd4 14. Nd5 e6 15. Nc7 Rad8 16. Nb5 Qxd2 17. Bxd2 Nde5 18.
Be2 a6 19. Nc3 Nd4 20. Be3 Nec6 21. Rfd1 f5 22. Bg5 Rd7 23. exf5 gxf5 24. Rbc1 Nxe2+ 25.
Nxe2 Kf7 26. Be3 Rc8 27. f4 Bf6 28. Kf2 h5 29. c5 Rcd8 30. cxd6 Rxd6 31. Rxd6 Rxd6 32.
a3 Rd3 33. Rb1 Na5 34. Nc1 Rd1 35. Ke2 Rh1 36. h3 b5 37. Bd2 Nc6 38. Be3 h4 39. Kd3 Ne7 40. Ke2 Nd5 41. Bd2 Rg1 42.
Kf2 Bd4+ 43. Kf3 Bc5 44. b4 Bd4 45. Rb3 Rf1+ 46. Ke2 Rf2+ 47. Kd3 Bf6 48. Ne2 Rxg2 49.
Rb1 Rh2 50. Ng1 Be7 51. Rc1 Bd6 52. Rc6 Bxf4 53. Be1 Rh1 54. Bf2 Bg3 55. Bd4 e5 56. Bc5 Nf4+ 57. Kc2 Ne6 58. Nf3 e4 59. Nd2 Nxc5 60.
bxc5 e3 61. Nf3 e2 0-1

[Event "Late-Titled-Tuesday-Blitz-October-24-2023"]
[Site "Chess.com"]
[Date "2023.10.24"]
[Round "4"]
[White "Meri-Arabidze"]
[Black "egnfanclub"]
[Result "1/2-1/2"]
[WhiteElo "2627"]
[BlackElo "2375"]
[TimeControl "180+1"]
[EndTime "14:40:50 PDT"]
[Termination "Game drawn - insufficient material"]

1. Nf3 Nf6 2. b3 c5 3. Bb2 Nc6 4. e3 e6 5. d4 d5 6. a3 Be7 7.
Bd3 cxd4 8. exd4 O-O 9. Nbd2 Bd6 10. O-O Qc7 11. Re1 b6 12. Qe2 Ne7 13. Ne5 Ng6 14. g3 Bb7 15. f4 Rac8 16. Rac1 Nd7 17. h4 Bxe5 18. fxe5 Ne7 19. Rf1 g6 20. Qe3 Nf5 21.
Bxf5 exf5 22. Nf3 Rfe8 23. Qh6 Nf8 24. Ng5 Qe7 25. Rf2 Rc6 26. a4 f6 27. Nf3 Qg7 28.
Qxg7+ Kxg7 29. exf6+ Kxf6 30. Ne5 Rc7 31. g4 Bc8 32.
Ba3 Kg7 33. Rcf1 Rc3 34. Kh2 f4 35. Rxf4 Rxc2+ 36. Kg1 Ne6 37. Rf7+ Kg8 38. h5 Nxd4 39. hxg6 hxg6 40. Nxg6 Ne2+ 41. Kh2 Nf4+ 42. Kg3 Nxg6 43. Rxa7 Re3+ 44. Rf3 Rxf3+ 45. Kxf3 Rc3+ 46. Kg2 Rxb3 47. Bd6 Bxg4 48. Rb7 Rb2+ 49. Kg3 Bf5 50. a5 Rb3+ 51.
Kf2 Rb2+ 52. Kg3 Be4 53. axb6 Rg2+ 54. Kh3 Nf8 55. Rb8 Rf2 56. b7 d4 57. Rxf8+ Rxf8 58. Bxf8 Bxb7 59. Bb4 Kf7 60. Bd2 Ke6 61. Kg3 Kd5 62.
Kf2 Ke4 63. Ke1 d3 64. Bc3 Ke3 65. Bd2+ Kd4 66. Bf4 Ke4 67. Bd2 Kd4 68. Bf4 d2+ 69. Bxd2 1/2-1/2